 Dungeon Crawl Stone Soup version 0.28-a0-604-g249bb1af34 (webtiles) character file.

Game seed: 14155047513059404019

31 KristoblXynda the Conjurer (level 3, -3/28 HPs)
             Began as a Draconian Conjurer on Oct 5, 2021.
             Slain by Terence (8 damage)
             ... on level 1 of the Dungeon.
             The game lasted 00:02:25 (1812 turns).

KristoblXynda the Conjurer (Draconian Conjurer)     Turns: 1812, Time: 00:02:26

Health: -3/28      AC:  5    Str:  9    XL:     3   Next: 7%
Magic:  4/6        EV: 12    Int: 19    God:
Gold:   9          SH:  0    Dex:  9    Spells: 6/7 levels left

rFire   . . .      SeeInvis .   f - +2 dagger (holy)
rCold   . . .      Faith    .   (no shield)
rNeg    . . .      Spirit   .   (armour unavailable)
rPois   .          Reflect  .   (helmet restricted)
rElec   .          Harm     .   (no cloak)
rCorr   .          Rampage  .   (no gloves)
Will    .....                   (no boots)
Stlth   ++........              (no amulet)
HPRegen 0.09/turn               (no ring)
MPRegen 0.10/turn               (no ring)

@: no status effects
A: AC +5, unfitting armour, cold-blooded
a: no special abilities


You were on level 1 of the Dungeon.
You visited 1 branch of the dungeon, and saw 2 of its levels.

You collected 9 gold pieces.

Inventory:

Hand Weapons
 f - a +2 dagger of holy wrath (weapon)
Scrolls
 a - 2 scrolls of magic mapping
 b - a scroll of summoning {unknown}
 c - a scroll of amnesia {unknown}
 d - a scroll of enchant armour {unknown}
Potions
 e - a potion of lignification {unknown}


   Skills:
 + Level 1.2 Fighting
 - Level 2.0 Dodging
 - Level 1.7 Stealth
 + Level 2.5 Spellcasting
 + Level 4.3 Conjurations


You had 6 spell levels left.
You knew the following spells:

 Your Spells              Type           Power      Damage    Failure   Level
a - Magic Dart            Conj           76%        1d6       2%          1

Your spell library contained the following spells:

 Spells                   Type           Power      Damage    Failure   Level
 Searing Ray              Conj           38%        2d5       4%          2
 Dazzling Flash           Conj/Hex       20%        N/A       21%         3
 Fulminant Prism          Conj/Hex       5%         3d7       54%         4
 Iskenderun's Mystic Bla  Conj/Tloc      10%        2d4       54%         4


Dungeon Overview and Level Annotations

Branches:
Dungeon (2/15)

Altars:

Shops:
D:1 [

Annotations:
D:1 Terence


Innate Abilities, Weirdness & Mutations

Your plain brown scales are hard. (AC +5)
You cannot fit into any form of body armour.
You are cold-blooded and may be slowed by cold attacks.


Message History

Aiming: Magic Dart (safe; 2% risk of failure)
Press: ? - help, Shift-Dir - straight line, f/p - Terence
Aim: Terence, wielding a +0 falchion and wearing a +0 chain mail (moderately wounded, 100% to hit)
You miscast Magic Dart.
You are very lightly contaminated with residual magic.
Nothing appears to happen.
Terence hits you with a +0 falchion!
* * * LOW HITPOINT WARNING * * *
As you read the scroll labelled VAAF JYOTA, it crumbles to dust.
You feel aware of your surroundings.
You sensed 1 altar.
It was a scroll of magic mapping.
Terence barely misses you.
Your magical contamination has completely faded away.
The kobold shouts!
Terence closely misses you.
There is a stone staircase leading down here.
Found a stone staircase leading up.
Terence closely misses you.
Found a stone staircase leading up.
There is a stone staircase leading up here.
Terence misses you.
You climb upwards.
There is a stone staircase leading down here.
Terence barely misses you.
Casting: Magic Dart (safe; 2% risk of failure)
Confirm with . or Enter, or press ? or * to list all spells.
Aiming: Magic Dart (safe; 2% risk of failure)
Press: ? - help, Shift-Dir - straight line, f - Terence
Aim: Terence, wielding a +0 falchion and wearing a +0 chain mail (100% to hit)
The magic dart hits Terence.
Terence is moderately wounded.
Terence hits you with a +0 falchion.
* * * LOW HITPOINT WARNING * * *
Unknown command.
Casting: Magic Dart (safe; 2% risk of failure)
Confirm with . or Enter, or press ? or * to list all spells.
Aiming: Magic Dart (safe; 2% risk of failure)
Press: ? - help, Shift-Dir - straight line, f/p - Terence
Aim: Terence, wielding a +0 falchion and wearing a +0 chain mail (moderately wounded, 100% to hit)
The magic dart hits Terence.
Terence is moderately wounded.
Terence hits you with a +0 falchion!
You die...

.#.# #.# #.# #.#######
##.# #.########.# #.# .#.#
#.#.....##.# #.# ...#
####.#.....##.# #.# ####
#..........##.# #.#
#.##.#....>##.# #.#
#.##.#.....##.# #.#
#.##.###.####.# #.#
######.##......@@..#####.#
.......######............#
######## ##############


You could see Terence.

Vanquished Creatures
  4 ball pythons (D:1)
  5 endoplasms (D:1)
  2 giant cockroaches (D:1)
  6 goblins (D:1)
  2 hobgoblins
  A quokka (D:1)
  3 bats
  A kobold (D:1)
  3 rats (D:1)
27 creatures vanquished.

Notes
Turn   | Place    | Note
-------+----------+-------------------------------------------
     0 | D:1      | KristoblXynda the Draconian Conjurer began the quest for
                  | the Orb.
     0 | D:1      | Reached XP level 1. HP: 14/14 MP: 3/3
   474 | D:1      | Reached XP level 2. HP: 20/20 MP: 0/5
  1230 | D:1      | Found Jishra's Armour Shop.
  1244 | D:1      | Reached skill level 1 in Fighting
  1438 | D:1      | Reached XP level 3. HP: 28/28 MP: 3/6
  1711 | D:2      | Noticed Terence
  1812 | D:1      | Slain by Terence

Illustrated notes

Levels and vault maps discovered:
D:1:      kilobyte_arrival_exit_the_forest, layout_loops_ring, serial_shops,
          shop, glass_columns_b
D:2:      layout_basic, basic_altar, uniq_terence

Skill      XL: |  1  2 |
---------------+-------+-----
Dodging        | 2 |  2.0
Fighting       | 1 |  1.2
Stealth        | |  1.7
Spellcasting   | |  2.5
Conjurations   | |  4.3

Action                   || total
-------------------------++-------
Melee: Flail             ||    14
       Unarmed           ||     4
       Dagger            ||    49
       Tailslap          ||     1
 Cast: Magic Dart        ||    34
  Use: Scroll            ||     1
 Stab: Sleeping          ||     2
Armor: Skin              ||    21
Dodge: Dodged            ||    46

Table legend: (Time is in decaauts)
 A = Elapsed time spent in this place.
 B = Non-inter-level travel time spent in this place.
 C = Inter-level travel time spent in this place.
 D = Time resting spent in this place.
 E = Time spent auto-exploring this place.
 F = Levels seen in this place.
 G = Mean time per level.
                   A        B        C        D        E       F      G
               +--------+--------+--------+--------+--------+-----+--------+
         Total |   1822 |   1802 |     20 |    331 |   1195 |   2 |  911.0 |
       Dungeon |   1822 |   1802 |     20 |    331 |   1195 |   2 |  911.0 |
               +--------+--------+--------+--------+--------+-----+--------+

Top non-repeatable levels by time:
     D:1: 1725 daAuts
     D:2: 96 daAuts
